 Dungeon Crawl Stone Soup version 0.30.1-3-gfc49f6343a (webtiles) character file.

Game seed: 12632847735317646601

204 LowPressure the Chiller (level 5, -4/28 HPs)
             Began as a Deep Elf Ice Elementalist on July 21, 2023.
             Was a Follower of Sif Muna.
             Succumbed to a kobold brigand's curare-tipped dart
             ... in a sewer.
             The game lasted 00:14:22 (2656 turns).

LowPressure the Chiller (Deep Elf Ice Elementalist) Turns: 2656, Time: 00:14:22

Health: -4/28      AC:  4    Str:  4 (5)  XL:     5   Next: 52%
Magic:  24/24      EV: 13    Int: 21 (22) God:    Sif Muna [*.....]
Gold:   129        SH:  0    Dex: 15      Spells: 4/15 levels left

rFire   . . .        i - +1 dagger (venom)
rCold   . . .        (no shield)
rNeg    . . .        a - +0 robe
rPois   .            (no helmet)
rElec   +            (no cloak)
rCorr   .            h - +1 pair of gloves of Colahuge {rElec MP+9}
SInv    .            (no boots)
Will    .....        (no amulet)
Stlth   +            (no ring)
HPRegen 0.24/turn    (no ring)
MPRegen 0.19/turn

%: no passive effects
@: lethally poisoned (-4 -> -16), slowed, very slow
A: no striking features
a: Renounce Religion, Channel Magic


You were in a sewer.
You worshipped Sif Muna.
Sif Muna was aware of your devotion.
You visited 1 branch of the dungeon, and saw 4 of its levels.
You also visited: Sewer.

You collected 129 gold pieces.

Inventory:

Hand Weapons
 i - a +1 dagger of venom (weapon)
Armour
 a - a +0 robe (worn)
 h - the +1 pair of gloves of Colahuge (worn) {rElec MP+9}
   (You found it on level 2 of the Dungeon)

   rElec:     It insulates you from electricity.
   MP:        It affects your magic capacity (+9).
 o - the +10 plate armour of Noepriff {Stlth+}
   (You found it on level 3 of the Dungeon)

   Stlth:     It makes you more stealthy.
 u - the +0 ring mail of Grand Satisfaction {rF+}
   (You found it on level 3 of the Dungeon)

   rF:        It protects you from fire.
Jewellery
 s - an amulet of reflection
Wands
 v - a wand of mindburst (5)
Scrolls
 c - 2 scrolls of identify {unknown}
 d - a scroll of poison {unknown}
 e - a scroll of magic mapping {unknown}
 f - a scroll of fog {unknown}
 g - 2 scrolls of teleportation
 p - a scroll of enchant armour {unknown}
 q - a scroll of blinking {unknown}
Potions
 b - 2 potions of magic
 j - a potion of mutation {unknown}
 k - 2 potions of heal wounds {unknown}
 l - 2 potions of flight {unknown}
 m - a potion of berserk rage {unknown}
 n - 2 potions of curing
 r - a potion of ambrosia {unknown}
 t - a potion of lignification {unknown}
 w - a potion of attraction {unknown}


   Skills:
 + Level 2.7 Dodging
 + Level 2.7 Stealth
 + Level 5.7 Spellcasting
 + Level 6.0 Ice Magic


You had 4 spell levels left.
You knew the following spells:

 Your Spells              Type           Power      Damage    Failure   Level
a - Freeze                Ice            100%       1d10      1%          1
b - Frozen Ramparts       Ice            62%        1d10      2%          3
c - Ozocubu's Armour      Ice            31%        N/A       2%          3
d - Summon Ice Beast      Ice/Summ       18%        N/A       28%         4

Your spell library contained the following spells:

 Spells                   Type           Power      Damage    Failure   Level


Dungeon Overview and Level Annotations

Branches:
Dungeon (4/15)              Sewer (1/1)
 Temple: D:4-7

Altars:
Ru
Sif Muna


Message History

You hear a splash. x2
You start resting.
The frozen ramparts melt away.
You start resting.
Magic restored.
Things that are here:
a +0 short sword; a stone; a +0 whip
Things that are here:
a +0 short sword; 3 stones; a kobold corpse
Things that are here:
a +0 club; a curare-tipped dart; a kobold corpse You see here a jackal corpse.
Things that are here:
a +0 whip; 6 poisoned darts You enter the shallow water.
Moving in this stuff is going to be slow.
You see here a jackal corpse.
Things that are here:
a +0 club; a curare-tipped dart; a kobold skeleton The kobold brigand shouts!
Things that are here:
a +0 short sword; 3 stones; a kobold corpse The kobold brigand throws a curare-tipped dart.
The curare-tipped dart closely misses you.
The kobold brigand throws a curare-tipped dart.
The curare-tipped dart hits you.
You are poisoned.
You have difficulty breathing.
You feel yourself slow down.
The kobold brigand throws a curare-tipped dart.
The curare-tipped dart hits you.
You are lethally poisoned!
You have difficulty breathing.
You feel as though you will be slow longer.
Things that are here:
a +0 club; a curare-tipped dart; a kobold skeleton
* * * LOW HITPOINT WARNING * * *
You feel extremely sick.
The kobold brigand throws a curare-tipped dart.
The curare-tipped dart closely misses you.
You die...

#.~~~~..# #~.~~~~.#
#~~≈≈≈~.# #.~≈≈≈~~#
#.~≈≈≈~~# #~~~≈~~.#
#~~~≈~~.#
####################)~~≈~~.#
.~~~~~~~~~~~~))~@~)÷~~~≈K..#
####################~.~≈~..#
##~~≈~~## #.~≈~.# #.≈≈~.###
#.~≈~..∩# #.~≈~.### #.~≈~.#
##~≈~##


There were no monsters in sight!

Vanquished Creatures
  A kobold brigand (Sewer)
  Robin (D:2)
  4 adders
  2 worms
  2 dart slugs
  4 orcs (D:3)
  2 endoplasms (D:2)
  3 giant cockroaches
  14 goblins
  9 hobgoblins
  A jackal (Sewer)
  4 quokkas
  4 ball pythons
  2 bats
  6 frilled lizards
  9 kobolds
  9 rats
77 creatures vanquished.

Notes
Turn   | Place    | Note
-------+----------+-------------------------------------------
     0 | D:1      | LowPressure the Deep Elf Ice Elementalist began the quest
                  | for the Orb.
     0 | D:1      | Reached XP level 1. HP: 10/10 MP: 6/6
   429 | D:1      | Reached XP level 2. HP: 15/15 MP: 4/8
   619 | D:1      | Found a faded altar of an unknown god.
   825 | D:2      | Reached XP level 3. HP: 15/19 MP: 4/10
   907 | D:2      | Identified the +1 pair of gloves of Colahuge {rElec MP+9}
  1036 | D:2      | Reached skill level 5 in Ice Magic
  1110 | D:1      | Learned a level 3 spell: Frozen Ramparts
  1114 | D:1      | Learned a level 3 spell: Ozocubu's Armour
  1135 | D:2      | Noticed Robin
  1151 | D:2      | Killed Robin
  1175 | D:2      | Reached XP level 4. HP: 24/24 MP: 11/12
  1252 | D:2      | Found a shimmering blue altar of Sif Muna.
  1260 | D:2      | Became a worshipper of Sif Muna the Loreminder
  1583 | D:3      | Identified the +10 plate armour of Noepriff {Stlth+}
  1835 | D:3      | Identified the +0 ring mail of Grand Satisfaction {rF+}
  1854 | D:3      | Reached skill level 5 in Spellcasting
  1927 | D:3      | Found a sacrificial altar of Ru.
  2353 | D:4      | Found a glowing drain.
  2378 | Sewer    | Entered a sewer
  2403 | Sewer    | Learned a level 4 spell: Summon Ice Beast
  2475 | Sewer    | Noticed a kobold brigand
  2494 | Sewer    | Killed a kobold brigand
  2495 | Sewer    | Reached skill level 6 in Ice Magic
  2495 | Sewer    | Reached XP level 5. HP: 28/28 MP: 15/15
  2512 | Sewer    | HP: 1/28 [asphyx]
  2579 | Sewer    | Reached * piety under Sif Muna
  2656 | Sewer    | Succumbed to a kobold brigand's curare-tipped dart

Illustrated notes

Levels and vault maps discovered:
D:1:      dpeg_arrival_leaves_temple_mockup, layout_basic,
          shapermc_ecumenical_altar_totnotflames, serial_bayou_pond_d,
          chequers_serial_rivers_room_b, dk_noncrumbling_3, lemuel_flame_loot_1
D:2:      layout_basic, basic_altar, uniq_robin
D:3:      layout_loops_cross, mainiacjoe_overflow_alcove_2,
          mrwooster_statue_mirror
D:4:      gammafunk_steamed_eel, layout_basic, minmay_temple_entry_grid,
          cheibrodos_sewer_entry_sluice, saegor_snake_ambush, uniq_grinder,
          uniq_natasha, uniq_pikel
Sewer:    sewer_kobolds

Skill      XL: |  1  2  3  4 |
---------------+-------------+-----
Spellcasting   | 4 5 |  5.7
Ice Magic      | 5 6 |  6.0
Dodging        | |  2.7
Stealth        | |  2.7

Action                     |  1- 3 |  4- 6 || total
---------------------------+-------+-------++-------
  Melee: Unarmed           |     2 |       ||     2
   Cast: Freeze            |    44 |    45 ||    89
         Frozen Ramparts   |     2 |     9 ||    11
         Ozocubu's Armour  |     1 |     2 ||     3
    Use: Potion            |     1 |     2 ||     3
         Scroll            |       |     1 ||     1
 Armour: Robe              |    14 |    21 ||    35
  Dodge: Dodged            |    23 |    52 ||    75
